 Dungeon Crawl Stone Soup version 0.28-a0-1234-g826d19b2e0 (webtiles) character file.

Game seed: 15628047713748920792

15656 bande the Cleaver (level 12, -1/73 HPs)
             Began as a Gargoyle Fighter on Dec 24, 2021.
             Was a High Priest of Okawaru.
             Slain by a five-headed hydra (11 damage)
             ... on level 3 of the Lair of Beasts.
             The game lasted 00:33:22 (22227 turns).

bande the Cleaver (Gargoyle Fighter)               Turns: 22227, Time: 00:33:24

Health: -1/73      AC: 34    Str: 20    XL:     12   Next: 29%
Magic:  5/17       EV:  5    Int: 10    God:    Okawaru [*****.]
Gold:   749        SH: 12    Dex: 19    Spells: 11/11 levels left

rFire   + . .      SeeInvis .   k - +1 flail (protect)
rCold   + . .      Faith    .   j - +0 kite shield
rNeg    + . .      Spirit   .   w - +1 plate armour {rF+}
rPois   ∞          Reflect  .   (no helmet)
rElec   +          Harm     .   p - +0 cloak
rCorr   .          Rampage  .   n - +2 pair of gloves {infuse}
Will    .....                   u - +2 pair of boots
Stlth   ..........              (no amulet)
HPRegen 0.22/turn               o - +6 ring of dexterity
MPRegen 0.15/turn               (no ring)

@: mighty, under a protective aura
A: sickness immunity, AC +8, negative energy resistance 1, electricity
resistance, torment resistance 1, petrification resistance, cold resistance 1,
deformed body, no potion heal 1, MP-powered wands
a: Renounce Religion, Heroism, Finesse, Duel


You were on level 3 of the Lair of Beasts.
You worshipped Okawaru.
Okawaru was extremely pleased with you.
You visited 3 branches of the dungeon, and saw 13 of its levels.

You collected 797 gold pieces.
You spent 48 gold pieces at shops.

Inventory:

Hand Weapons
 a - a +1 war axe
 k - a +1 flail of protection (weapon)
 s - a +1 war axe of freezing
Missiles
 h - 6 throwing nets (quivered)
Armour
 j - a +0 kite shield (worn)
 n - a +2 pair of gloves of infusion (worn)
 p - a +0 cloak (worn)
 u - a +2 pair of boots (worn)
 w - a +1 plate armour of fire resistance (worn)
Jewellery
 o - a +6 ring of dexterity (left hand)
Wands
 g - a wand of acid (9)
 i - a wand of flame (35)
 l - a wand of paralysis (7)
 q - a wand of mindburst (18)
Scrolls
 b - 2 scrolls of identify
 c - 5 scrolls of amnesia
 r - 2 scrolls of teleportation
Potions
 d - a potion of might
 e - 7 potions of curing
 m - 2 potions of cancellation
 t - a potion of magic
 v - a potion of haste


   Skills:
 + Level 8.1 Fighting
 + Level 10.5 Axes
 + Level 9.4 Armour
 + Level 8.4 Shields
 + Level 0.5 Unarmed Combat
 * Level 7.3 Invocations
 * Level 7.0 Evocations


You had 11 spell levels left.
You didn't know any spells.
Your spell library contained the following spells:

 Spells                   Type           Power      Damage    Failure   Level
 Apportation              Tloc           0%         N/A       100%        1
 Freeze                   Ice            0%         1d3       100%        1
 Pain                     Necr           0%         1d4       100%        1
 Shock                    Conj/Air       0%         1d3       100%        1
 Blink                    Tloc           0%         N/A       100%        2
 Dazzling Flash           Conj/Hex       0%         N/A       100%        3
 Frozen Ramparts          Ice            0%         1d2       100%        3
 Vampiric Draining        Necr           0%         2d6       100%        3
 Hailstorm                Conj/Ice       0%         3d3       100%        4
 Iskenderun's Mystic Bla  Conj/Tloc      0%         2d3       100%        4
 Blade Hands              Tmut           0%         N/A       100%        5
 Irradiate                Conj/Tmut      0%         3d14      100%        5
 Manifold Assault         Tloc           0%         N/A       100%        5
 Starburst                Conj/Fire      0%         6d3       100%        6
 Dragon Form              Tmut           0%         N/A       100%        7
 Storm Form               Tmut/Air       0%         N/A       100%        7
 Animate Skeleton         Necr           Unusable   N/A       N/A         1
 Summon Small Mammal      Summ           Unusable   N/A       N/A         1

Dungeon Overview and Level Annotations

Branches:
Dungeon (9/15)             Temple (1/1) D:6            Lair (3/6) D:9
  Swamp (0/4) Lair:3        Snake (0/4) Lair:2
    Orc: D:9-12

Altars:
Ashenzari
Cheibriados
Dithmenos
Elyvilon
Fedhas
Gozag
Hepliaklqana
Nemelex Xobeh
Okawaru
Qazlal
Ru
Sif Muna
Trog
Uskayaw
Wu Jian
Xom
Yredelemnul
Zin
Lugonu

Shops:
D:4 ?

Annotations:
Lair:2 exclusion: 2 oklob plants
Lair:3 1 runed translucent door, swinepaste's ghost, journeyman DgTm


Innate Abilities, Weirdness & Mutations

You are immune to sickness and miasma.
Your stone body is resilient. (AC +8)
You are immune to poison.
You resist negative energy. (rN+)
You are resistant to electric shocks. (rElec)
You are resistant to unholy torment.
You are immune to petrification.
Your flesh is cold resistant. (rC+)
Armour fits poorly on your strangely shaped body.
Potions are less effective at restoring your health.
You expend magic power (3 MP) to strengthen your wands.


Message History

The five-headed hydra bites you!
The five-headed hydra bites you but does no damage. x2
You hit the five-headed hydra.
The five-headed hydra is heavily wounded.
You block the five-headed hydra's attack.
The five-headed hydra bites you.
* * * LOW HITPOINT WARNING * * *
The five-headed hydra bites you but does no damage. x2
The five-headed hydra bites you.
* * * LOW HITPOINT WARNING * * *
Your system partially rejects the healing.
You feel better. The five-headed hydra bites you.
* * * LOW HITPOINT WARNING * * *
The five-headed hydra bites you but does no damage.
You block the five-headed hydra's attack.
The five-headed hydra bites you.
* * * LOW HITPOINT WARNING * * *
You block the five-headed hydra's attack.
You feel very mighty all of a sudden.
The five-headed hydra bites you but does no damage. x2
You block the five-headed hydra's attack.
The five-headed hydra bites you but does no damage.
The five-headed hydra barely misses you.
You sock the five-headed hydra!
The five-headed hydra is heavily wounded.
You block the five-headed hydra's attack. x3
The five-headed hydra bites you but does no damage. x2
You sock the five-headed hydra!
The five-headed hydra is severely wounded.
The five-headed hydra bites you but does no damage.
You block the five-headed hydra's attack.
The five-headed hydra bites you but does no damage. x3
You thump the five-headed hydra!
The five-headed hydra is almost dead.
You block the five-headed hydra's attack.
The five-headed hydra bites you.
* * * LOW HITPOINT WARNING * * *
The five-headed hydra bites you but does no damage.
The five-headed hydra bites you!
You die...

##........#
.#........##
..........#
..........#
..........#
..##....#.#
. #....###
#P...#
##@..# #D..#
......†....#
..........##
.D...######
..>.. ....
... P##


You could see a five-headed hydra.

Vanquished Creatures
  Harold (Lair:2)
  3 cane toads
  4 black mambas (Lair:2)
  6 komodo dragons
  A rime drake (Lair:2)
  2 trolls (D:9)
  A polar bear (Lair:1)
  Grinder (D:3)
  A wyvern (Lair:3)
  9 yaks (D:9)
  A steam dragon (D:8)
  Grum (D:9)
  2 vampire mosquitoes (D:8)
  Menkaure (D:7)
  10 water moccasins
  A floating eye (Lair:2)
  3 orc warriors
  2 necrophages (D:4)
  A sky beast (D:4)
  A black bear (D:7)
  28 wolves
  4 ogres
  2 centaurs
  A phantom (D:6)
  A kobold brigand (D:8)
  12 bullfrogs
  2 gnoll sergeants
  3 scorpions
  20 wights
  5 howler monkeys
  A bullfrog zombie (D:4)
  A centaur zombie (D:6)
  6 orc priests
  3 hounds
  A jelly (D:4)
  Crazy Yiuf (D:6)
  A human zombie (D:4)
  A bullfrog skeleton (D:5)
  5 iguanas
  11 orc wizards
  5 hell rats (Lair:2)
  3 scorpion zombies (D:4)
  A killer bee zombie (D:7)
  A hound zombie (D:4)
  2 hound skeletons (D:4)
  2 mummies (D:4)
  13 gnolls
  2 howler monkey skeletons
  4 adders
  2 white imps
  An ufetubus (D:4)
  An adder zombie (D:4)
  An adder skeleton (D:4)
  2 worms (D:2)
  A dart slug (D:2)
  26 orcs
  5 bats
  11 endoplasms
  4 giant cockroaches
  4 goblins
  3 hobgoblins (D:2)
  2 jackals (D:1)
  4 quokkas
  9 ball pythons
  15 kobolds
  5 rats
  A spectral kobold (D:3)
291 creatures vanquished.

Vanquished Creatures (collateral kills)
  A kobold (D:2)
1 creature vanquished.

Vanquished Creatures (others)
  10 fungi
  10 plants
20 creatures vanquished.

Grand Total: 312 creatures vanquished

Notes
Turn   | Place    | Note
-------+----------+-------------------------------------------
     0 | D:1      | bande the Gargoyle Fighter began the quest for the Orb.
     0 | D:1      | Reached XP level 1. HP: 14/14 MP: 1/1
   258 | D:1      | Reached XP level 2. HP: 19/19 MP: 2/2
   449 | D:1      | Reached skill level 2 in Axes
  1040 | D:1      | Reached XP level 3. HP: 24/24 MP: 3/3
  1553 | D:2      | Reached XP level 4. HP: 29/29 MP: 4/4
  2075 | D:2      | Reached skill level 3 in Axes
  2130 | D:2      | Found a faded altar of an unknown god.
  2137 | D:2      | Reached XP level 5. HP: 32/33 MP: 5/5
  2146 | D:2      | Got Plato's Catalogue of Air
  2230 | D:3      | Found a hazy altar of Hepliaklqana.
  2249 | D:3      | Noticed Grinder
  2268 | D:3      | Paralysed by Grinder for 5 turns
  2288 | D:3      | Paralysed by Grinder for 3 turns
  2301 | D:3      | Killed Grinder
  2302 | D:3      | Reached skill level 4 in Axes
  2302 | D:3      | Reached XP level 6. HP: 25/39 MP: 6/6
  3620 | D:4      | Found a shadowy altar of Dithmenos.
  3624 | D:4      | Noticed a sky beast
  3644 | D:4      | Killed a sky beast
  3645 | D:4      | Reached skill level 1 in Evocations
  3645 | D:4      | Reached XP level 7. HP: 33/44 MP: 7/7
  3746 | D:4      | Reached skill level 5 in Axes
  4281 | D:4      | Reached skill level 5 in Armour
  4604 | D:4      | Found Peovics's Magic Scroll Shoppe.
  4613 | D:4      | Bought a scroll of identify for 24 gold pieces
  4614 | D:4      | Bought a scroll of identify for 24 gold pieces
  4664 | D:4      | Reached skill level 5 in Fighting
  5305 | D:4      | Found a basalt altar of Yredelemnul.
  5463 | D:4      | Reached XP level 8. HP: 29/49 MP: 8/8
  5860 | D:4      | Reached skill level 6 in Axes
  6026 | D:4      | Found a stormy altar of Qazlal.
  6652 | D:4      | Found a snail-covered altar of Cheibriados.
  6992 | D:5      | Entered Level 5 of the Dungeon
  8319 | D:6      | Found a staircase to the Ecumenical Temple.
  8329 | Temple   | Entered the Ecumenical Temple
  8368 | Temple   | Became a worshipper of Warmaster Okawaru
  8835 | D:6      | Reached skill level 1 in Invocations
  8854 | D:6      | Reached XP level 9. HP: 23/55 MP: 9/9
  9237 | D:6      | Identified a scroll of acquirement
  9237 | D:6      | Acquired a +2 pair of gloves of infusion
  9322 | D:6      | You fall into a shaft and drop 2 floors!
  9390 | D:6      | Found a runed translucent door.
  9391 | D:6      | Noticed Crazy Yiuf
  9451 | D:6      | Reached skill level 7 in Axes
  9992 | D:6      | Killed Crazy Yiuf
 11095 | D:7      | Reached skill level 5 in Shields
 11288 | D:7      | Noticed Menkaure
 11294 | D:7      | Killed Menkaure
 11820 | D:7      | Reached * piety under Okawaru
 12731 | D:7      | Found an opulent altar of Gozag.
 13125 | D:8      | Reached XP level 10. HP: 61/61 MP: 4/12
 13236 | D:8      | Reached skill level 8 in Axes
 13241 | D:8      | Reached ** piety under Okawaru
 14836 | D:9      | Reached skill level 5 in Evocations
 14839 | D:9      | Reached *** piety under Okawaru
 15094 | D:9      | Found a blossoming altar of Fedhas.
 15171 | D:9      | Found a hide-covered altar of Uskayaw.
 15185 | D:9      | Found a staircase to the Lair.
 15650 | D:9      | Found a sacrificial altar of Ru.
 16005 | D:9      | Reached skill level 5 in Invocations
 16013 | D:9      | Reached skill level 9 in Axes
 16447 | D:9      | Reached XP level 11. HP: 59/67 MP: 10/14
 16502 | D:9      | Noticed Grum
 16511 | D:9      | Reached **** piety under Okawaru
 16518 | D:9      | Killed Grum
 16849 | D:9      | Found a bloodstained altar of Trog.
 17416 | Lair:1   | Entered Level 1 of the Lair of Beasts
 17864 | Lair:1   | You fall into a shaft and drop 1 floor!
 17864 | Lair:2   | Noticed Harold
 17876 | Lair:2   | Paralysed by Harold for 5 turns
 17892 | Lair:2   | Killed Harold
 18150 | Lair:2   | Found a staircase to the Snake Pit.
 18519 | Lair:1   | Found a sacrificial altar of Ru.
 18830 | Lair:1   | Reached ***** piety under Okawaru
 19946 | Lair:1   | Reached skill level 10 in Axes
 20036 | Lair:2   | Gained mutation: Armour fits poorly on your strangely
                  | shaped body. [potion of mutation]
 20036 | Lair:2   | Gained mutation: You occasionally shout uncontrollably at
                  | your foes. [potion of mutation]
 20036 | Lair:2   | Gained mutation: Your muscles are strong. (Str +2) [potion
                  | of mutation]
 20036 | Lair:2   | Gained mutation: You expend magic power (3 MP) to
                  | strengthen your wands. [potion of mutation]
 20037 | Lair:2   | Lost mutation: You occasionally shout uncontrollably at
                  | your foes. [potion of mutation]
 20037 | Lair:2   | Lost mutation: Your muscles are strong. (Str +2) [potion of
                  | mutation]
 20037 | Lair:2   | Gained mutation: Potions are less effective at restoring
                  | your health. [potion of mutation]
 20037 | Lair:2   | Gained mutation: Your flesh is cold resistant. (rC+)
                  | [potion of mutation]
 20353 | Lair:2   | Received a gift from Okawaru
 20394 | Lair:2   | Reached XP level 12. HP: 73/73 MP: 14/17
 20591 | Lair:2   | Paralysed by a floating eye for 2 turns
 21026 | Lair:2   | Paralysed by a floating eye for 4 turns
 21653 | Lair:3   | Found a staircase to the Swamp.
 22115 | Lair:3   | Found a runed translucent door.
 22119 | Lair:3   | Found a shimmering altar of Xom.
 22119 | Lair:3   | Noticed swinepaste's ghost (journeyman DgTm)
 22208 | Lair:3   | Noticed a five-headed hydra
 22227 | Lair:3   | Slain by a five-headed hydra

Illustrated notes

Levels and vault maps discovered:
D:1:      sevenhm_arrival_forest_fort_large_4, layout_basic
D:2:      minmay_kobold_bridge, layout_rooms,
          shapermc_ecumenical_altar_rom_forum
D:3:      layout_basic, nicolae_hepliaklqana_monster_ancestors, uniq_grinder
D:4:      layout_loops_ring, lemuel_coloured_pillars_altar,
          mainiacjoe_overflow_six_doors_small, lemuel_doored_altar,
          lemuel_mausoleum_altar_yredelemnul, serial_rivers,
          chequers_serial_rivers_small_3, chequers_serial_rivers_micro_b,
          chequers_serial_rivers_room_b, chequers_serial_rivers_large_a,
          serial_shops, shop
D:5:      layout_gridville, bh_walls_and_bars
D:6:      layout_rooms, minmay_temple_entry_drinking_statues,
          kennysheep_small_spiral, kennysheep_donut, uniq_crazy_yiuf_cottage
D:7:      layout_basic, nicolae_gozag_seed_capital, kennysheep_another_room,
          uniq_menkaure
D:8:      layout_loops_ring
D:9:      layout_layer_cave, general_overflow_altar, lemuel_round_altar,
          hangedman_ru_absence, fedhas_altar_3, lair_entry_dummy, uniq_grum
Temple:   kb_corrupted_temple
Lair:1:   layout_cave_pods, basic_altar, grunt_forest_large_clearings
Lair:2:   layout_hall_layers, minmay_snake_entry_six_corridors, disabler_island,
          lemuel_fruit_fields, uniq_harold
Lair:3:   layout_gridlike, minmay_swamp_entry_reptiles, ebering_ghost_xom

Skill      XL: |  1  2  3  4  5  6  7  8  9 10 11 12 |
---------------+-------------------------------------+-----
Axes           | 2 3 4 5 6 7 9 10 | 10.5
Fighting       | 4 5 6 7 8 |  8.1
Armour         | 4 5 6 7 8 9 |  9.4
Evocations     | 1 2 3 4 5 6 7 |  7.0
Shields        | 4 5 6 8 |  8.4
Invocations    | 1 3 5 6 7 |  7.3
Unarmed Combat | |  0.5

Action                   |  1- 3 |  4- 6 |  7- 9 | 10-12 || total
-------------------------+-------+-------+-------+-------++-------
Melee: War axe           |    46 |       |    52 |   509 ||   607
       Hand axe          |    47 |   121 |   562 |       ||   730
       Unarmed           |       |       |     9 |       ||     9
       Flail             |       |       |       |    10 ||    10
Evoke: Wand              |       |       |       |     2 ||     2
  Use: Scroll            |     2 |     1 |    12 |     5 ||    20
       Potion            |       |       |     4 |     4 ||     8
Armor: Scale mail        |    47 |    49 |    55 |       ||   151
       Chain mail        |       |       |   293 |       ||   293
       Plate armour      |       |       |    15 |   387 ||   402
Dodge: Dodged            |    47 |    58 |   145 |    96 ||   346
Block: Buckler           |    18 |    18 |    33 |       ||    69
       Kite shield       |       |       |   216 |   380 ||   596

Table legend: (Time is in decaauts)
 A = Elapsed time spent in this place.
 B = Non-inter-level travel time spent in this place.
 C = Inter-level travel time spent in this place.
 D = Time resting spent in this place.
 E = Time spent auto-exploring this place.
 F = Levels seen in this place.
 G = Mean time per level.
                   A        B        C        D        E       F      G
               +--------+--------+--------+--------+--------+-----+--------+
         Total |  22466 |  22301 |    165 |   9575 |   9291 |  13 | 1728.2 |
       Dungeon |  17535 |  17382 |    153 |   7971 |   6909 |   9 | 1948.3 |
        Temple |     68 |     56 |     12 |      0 |     33 |   1 |   68.0 |
          Lair |   4862 |   4862 |      0 |   1604 |   2349 |   3 | 1620.7 |
               +--------+--------+--------+--------+--------+-----+--------+

Top non-repeatable levels by time:
     D:4: 3449 daAuts
     D:9: 2865 daAuts
     D:6: 2640 daAuts
  Lair:2: 2403 daAuts
     D:7: 2289 daAuts
  Lair:1: 2074 daAuts
     D:8: 1522 daAuts
     D:3: 1378 daAuts
     D:1: 1192 daAuts
     D:5: 1154 daAuts
     D:2: 1041 daAuts
  Lair:3: 383 daAuts
  Temple: 68 daAuts
